 Dungeon Crawl Stone Soup version 0.18.1-5-g4a78601 (webtiles) character file.

335 SkaryMonk the Cutter (level 6, -6/39 HPs)
             Began as a Halfling Warper on May 11, 2016.
             Was an Initiate of Gozag.
             Mangled by Scarto's ghost (7 damage)
             ... on level 3 of the Dungeon.
             The game lasted 00:18:23 (5280 turns).

SkaryMonk the Cutter (Halfling Warper)              Turns: 5280, Time: 00:18:27

Health: -6/39      AC:  4    Str: 11    XL:     6   Next: 84%
Magic:  4/8        EV: 14    Int: 14    God:    Gozag
Gold:   430        SH:  0    Dex: 14    Spells: 3 memorised, 3 levels left

rFire  . . .     SeeInvis .     a - +0 short sword
rCold  . . .     Gourm    .     b - +0 leather armour
rNeg   . . .     Faith    .     (shield restricted)
rPois  .         Spirit   .     (no helmet)
rElec  .         Dismiss  .     (no cloak)
rCorr  .         Reflect  .     e - +0 pair of gloves
SustAt .         Harm     .     (no boots)
MR     .....                    (no amulet)
Stlth  +.........               (no ring)
                                (no ring)

@: very slightly contaminated, slowed, very slow, not resistant to hostile
enchantments, very unstealthy
A: mutation resistance 1
a: Potion Petition, Call Merchant, Bribe Branch, Renounce Religion


You were on level 3 of the Dungeon.
You worshipped Gozag.
Gozag was noncommittal.
You were not hungry.

You visited 1 branch of the dungeon, and saw 4 of its levels.

You collected 475 gold pieces.
You paid 45 gold pieces to Gozag.

Notes
Turn   | Place    | Note
--------------------------------------------------------------
     0 | D:1      | SkaryMonk the Halfling Warper began the quest for the Orb.
     0 | D:1      | Reached XP level 1. HP: 14/14 MP: 3/3
    23 | D:1      | Reached skill level 3 in Short Blades
   171 | D:1      | Reached XP level 2. HP: 14/19 MP: 4/4
   436 | D:1      | Reached skill level 4 in Short Blades
   557 | D:1      | Reached XP level 3. HP: 24/24 MP: 5/5
   666 | D:1      | Learned a level 2 spell: Blink
   669 | D:1      | Learned a level 2 spell: Shroud of Golubria
  1201 | D:2      | Reached XP level 4. HP: 17/29 MP: 6/6
  2024 | D:2      | Reached skill level 5 in Translocations
  2024 | D:2      | Reached XP level 5. HP: 32/34 MP: 7/7
  2209 | D:2      | Found a sparkling altar of Nemelex Xobeh.
  2221 | D:2      | Found a burning altar of Makhleb.
  2481 | D:3      | Found an opulent altar of Gozag.
  2504 | D:3      | Became a worshipper of Gozag Ym Sagoz the Greedy
  2691 | D:3      | Found a stormy altar of Qazlal.
  2698 | D:3      | Noticed Scarto's ghost (amateur MiFi)
  3280 | D:3      | Reached skill level 5 in Short Blades
  3536 | D:3      | Reached skill level 6 in Short Blades
  3536 | D:3      | Reached XP level 6. HP: 36/39 MP: 8/8
  3706 | D:4      | Noticed an ogre
  3725 | D:4      | Killed an ogre
  3725 | D:4      | Reached skill level 7 in Short Blades
  4028 | D:4      | Found Owauv's Weapon Shoppe.
  4041 | D:4      | Noticed barakagiga's ghost (amateur MiMo)
  4133 | D:4      | Found a white marble altar of Elyvilon.
  4521 | D:4      | Noticed an ogre
  4974 | D:4      | Noticed Natasha
  4995 | D:4      | Killed Natasha
  5015 | D:4      | Noticed Edmund
  5203 | D:4      | Found a glowing golden altar of the Shining One.
  5208 | D:4      | Noticed Natasha
  5277 | D:3      | HP: 1/39 [Scarto's ghost (12)]
  5280 | D:3      | Mangled by Scarto's ghost

Inventory:

Hand Weapons
 a - a +0 short sword (weapon)
Missiles
 g - 100 stones (quivered)
 k - 15 sling bullets
 y - 3 tomahawks
Armour
 b - a +0 leather armour (worn)
 e - a +0 pair of gloves (worn)
Jewellery
 i - an uncursed ring of see invisible {unknown}
 o - an uncursed ring of protection from cold {unknown}
 q - a cursed ring of teleportation {unknown}
 r - a cursed -2 ring of intelligence {unknown}
 v - an uncursed amulet of guardian spirit {unknown}
Scrolls
 d - a scroll of blinking
 h - 2 scrolls of amnesia
 n - a scroll of fear
 p - a scroll of teleportation {unknown}
 s - 2 scrolls of fog {unknown}
 u - a scroll of recharging {unknown}
 x - a scroll of enchant weapon {unknown}
Potions
 l - 2 potions of ambrosia
 t - a potion of heal wounds {unknown}
 w - 3 potions of curing {unknown}
 A - a potion of lignification {unknown}
Books
 c - a book of Spatial Translocations

   Spells                             Type                      Level
   a - Apportation                    Translocation                1
   b - Blink                          Translocation                2
   c - Shroud of Golubria             Charms/Translocation         2
   d - Portal Projectile              Translocation                3
   e - Teleport Other                 Translocation                3
   f - Passage of Golubria            Translocation                4
Comestibles
 f - 5 bread rations
 j - 2 beef jerkies
 m - 3 fruits
 z - a meat ration

Table legend:
 A = Turns spent in this place as a percentage of turns spent in the entire game.
 B = Non-inter-level travel turns spent in this place as a percentage of non-inter-level travel turns spent in the entire game.
 C = Inter-level travel turns spent in this place as a percentage of turns spent in this place.
 D = Turns resting spent in this place as a percentage of non-inter-level travel turns spent in this place.
 E = Turns spent auto-exploring this place as a percentage of non-inter-level travel turns spent in this place.
 F = Non-inter-level travel turns spent in this place divided by the number of levels of this place that you've seen.
                   A       B       C       D       E      F
               +-------+-------+-------+-------+-------+----------------------
         Total | 100.0 | 100.0 |   0.9 |   3.8 |   7.0 | 373.0
       Dungeon | 100.0 | 100.0 |   0.9 |   3.8 |   7.0 | 373.0
               +-------+-------+-------+-------+-------+----------------------


   Skills:
 - Level 1.7 Fighting
 + Level 7.6 Short Blades
 - Level 1.1 Throwing
 - Level 1.1 Armour
 - Level 2.1 Dodging
 - Level 1.5 Spellcasting
 - Level 5.0 Translocations


You had 3 spell levels left.
You knew the following spells:

 Your Spells              Type           Power        Failure   Level  Hunger
a - Apportation           Tloc           ###.......   6%          1    ##.....
b - Blink                 Tloc           N/A          10%         2    ###....
c - Shroud of Golubria    Chrm/Tloc      #.........   21%         2    ###....


Dungeon Overview and Level Annotations

Branches:
Dungeon (4/15)
 Temple: D:4-7

Altars:
Elyvilon
Gozag
Makhleb
Nemelex Xobeh
Qazlal
The Shining One

Shops:
D:4 (

Annotations:
D:3 Scarto's ghost, amateur MiFi
D:4 Edmund; Natasha; barakagiga's ghost, amateur MiMo


Innate Abilities, Weirdness & Mutations

You are small and have problems with some larger weapons.
You are somewhat resistant to further mutation.


Message History

Scarto's ghost barely misses you. Scarto's ghost closely misses you.
Scarto's ghost hits you! Scarto's ghost hits you!
* * * LOW HITPOINT WARNING * * *
Casting: Blink
Confirm with . or Enter, or press ? or * to list all spells.
You blink.
Read which item? (? for menu, Esc to quit)
Okay, then.
Unknown command.
Drink which item? (? for menu, Esc to quit)
Okay, then.
Casting: Blink
Confirm with . or Enter, or press ? or * to list all spells.
You miscast Blink.
You are very lightly contaminated with residual magic.
Your skin tingles.
Scarto's ghost hits you!
You die...
Your body crumbles into a pile of gold.

########....#....##.#### #.###..
#.....###.#.##.# #.# #..
######.#.##.#.##.##.## #.# #.#
.......#.###..#......######.###.#
#####..#.# #....#.............#.#
#..#.###.........######.#....
##............##.....# #......
#.....####.##.######.###.##...
#.###.# #.##@# #.##.#####. #.#
#.####.##W# #.##.# #.
#.###.....#ยง..# #.##.## ##.
####.....####.#### #.....###.#
.....#........# #.........#
..##...######## #......#..#
..###.## #.........# ..###.#
##########.......... ....>.#
#..........#.####.##


You could see Scarto's ghost.

Table legend:
 A = Kills in this place as a percentage of kills in entire the game.
 B = Kills by you in this place as a percentage of kills by you in the entire game.
 C = Kills by friends in this place as a percentage of kills by friends in the entire game.
 D = Other kills in this place as a percentage of other kills in the entire game.
 E = Experience gained in this place as a percentage of experience gained in the entire game.
 F = Experience gained in this place divided by the number of levels of this place that you have seen.
                   A       B       C       D       E      F
               +-------+-------+-------+-------+-------+----------------------
         Total | 100.0 | 100.0 |  -nan |  -nan | 100.0 | 119.8
       Dungeon | 100.0 | 100.0 |  -nan |  -nan | 100.0 | 119.8
               +-------+-------+-------+-------+-------+----------------------

Vanquished Creatures
  An ogre (D:4)
  An orc priest (D:3)
  An orc wizard (D:3)
  Natasha (D:4)
  A worker ant (D:4)
  5 adders
  An ooze (D:1)
  4 worms
  4 dart slugs
  4 giant geckos
  7 orcs
  A ball python (D:2)
  5 giant cockroaches
  5 goblins
  8 hobgoblins
  3 jackals (D:4)
  10 bats
  7 giant newts
  4 kobolds
  9 rats
82 creatures vanquished.

Action                   |  1- 3 |  4- 6 || total
-------------------------+-------+-------++-------
Melee: Short sword       |   127 |   300 ||   427
Throw: Tomahawk          |       |     5 ||     5
       Stone             |       |     1 ||     1
       Throwing net      |       |     1 ||     1
 Cast: Blink             |       |     3 ||     3
Invok: Potion Petition   |       |     1 ||     1
  Use: Scroll            |       |     6 ||     6
 Stab: Sleeping          |     1 |       ||     1
  Eat: Chunk             |     1 |     4 ||     5
       Meat ration       |       |     2 ||     2
Armor: Leather armour    |    14 |    46 ||    60
Dodge: Dodged            |    76 |   161 ||   237

Vault maps used:
D:1:      dpeg_arrival_rooms_c
D:2:      amethyst_overflow_temple_binary, kennysheep_generic_room_2
D:3:      lemuel_doored_altar, old_standard_altar
D:4:      elyvilon_altar_5, nicolae_overflow_crystal_walls, serial_shops, shop,
          minivault_1, uniq_edmund, uniq_natasha
